 Dungeon Crawl Stone Soup version 0.21.1-1-g345015f (webtiles) character file.

850 tidbits the Sneak (level 8, -1/57 HPs)
             Began as a Gnoll Enchanter on June 19, 2018.
             Was a Follower of Cheibriados.
             Slain by a killer bee (4 damage)
             ... on level 8 of the Dungeon.
             The game lasted 00:10:53 (860 turns).

tidbits the Sneak (Gnoll Enchanter)                  Turns: 860, Time: 00:10:54

Health: -1/57      AC:  5    Str: 12    XL:     8   Next: 1%
Magic:  0/16       EV: 22    Int: 22    God:    Cheibriados [*.....]
Gold:   177        SH:  0    Dex: 23    Spells: 6/18 levels left

rFire    . . .     SeeInvis .   a - +0 dagger (drain)
rCold    . . .     Gourm    .   (no shield)
rNeg     . . .     Faith    .   B - +2 robe
rPois    .         Spirit   .   (no helmet)
rElec    .         Reflect  .   (no cloak)
rCorr    .         Harm     .   (no gloves)
MR       .....                  F - +0 pair of boots
Stlth    +++++.....             (no amulet)
HPRegen  0.19/turn              (no ring)
MPRegen  0.15/turn              (no ring)

@: agile, lethally poisoned (-1 -> -3), invisible, very slow
A: distributed training, fangs 1, mutation resistance 1, strong nose
a: Bend Time, Renounce Religion


You were on level 8 of the Dungeon.
You worshipped Cheibriados.
Cheibriados was aware of your devotion.
You were not hungry.

You visited 1 branch of the dungeon, and saw 8 of its levels.

You collected 177 gold pieces.

Inventory:

Hand Weapons
 a - a +0 dagger of draining (weapon)
   (You found it on level 1 of the Dungeon)
 f - a +1 dagger
 k - a +0 falchion
 n - a +0 blowgun
 r - a +0 rapier
 v - a +0 war axe
 w - a +0 trident
 x - a +0 scimitar
 D - a +2 trident of venom
   (You found it on level 8 of the Dungeon)
Missiles
 m - 50 arrows
 p - 30 sling bullets
Armour
 b - a +0 robe
 B - a +2 robe (worn)
 F - a +0 pair of boots (worn)
Wands
 u - a wand of flame (22)
 C - a wand of digging (17)
Scrolls
 e - a scroll of magic mapping {unknown}
 h - 4 scrolls of identify {unknown}
 i - a scroll of enchant weapon {unknown}
 q - a scroll of fog {unknown}
 y - a scroll of blinking {unknown}
 A - a scroll of teleportation {unknown}
Potions
 j - a potion of mutation {!q}
 o - a potion of heal wounds {unknown}
 s - a potion of magic {unknown}
 t - a potion of agility
 z - a potion of invisibility
Books
 d - a book of Maledictions

   Spells                             Type                      Level
   a - Corona                         Hexes                        1
   b - Ensorcelled Hibernation        Hexes/Ice                    2
   c - Confuse                        Hexes                        3
   d - Tukima's Dance                 Hexes                        3
   e - Dazzling Spray                 Conjuration/Hexes            3
Comestibles
 c - 5 rations


   Skills:
 + Level 2.8 Fighting
 + Level 3.8 Short Blades
 + Level 2.8 Long Blades
 + Level 2.8 Axes
 + Level 2.8 Maces & Flails
 + Level 2.8 Polearms
 + Level 2.8 Staves
 + Level 2.8 Slings
 + Level 2.8 Bows
 + Level 2.8 Crossbows
 + Level 2.8 Throwing
 + Level 2.8 Armour
 + Level 5.4 Dodging
 + Level 6.6 Stealth
 + Level 2.8 Shields
 + Level 2.8 Unarmed Combat
 + Level 5.8 Spellcasting
 + Level 2.2 Conjurations
 + Level 5.9 Hexes
 + Level 2.2 Charms
 + Level 2.2 Summonings
 + Level 2.2 Necromancy
 + Level 2.2 Translocations
 + Level 2.2 Transmutations
 + Level 2.2 Fire Magic
 + Level 2.2 Ice Magic
 + Level 2.2 Air Magic
 + Level 2.2 Earth Magic
 + Level 2.2 Poison Magic
 + Level 3.1 Invocations
 + Level 2.8 Evocations


You had 6 spell levels left.
You knew the following spells:

 Your Spells              Type           Power        Failure   Level  Hunger
a - Corona                Hex            ####...      1%          1    None
b - Tukima's Dance        Hex            ####....     2%          3    ##.....
c - Confuse               Hex            ####....     2%          3    ##.....
d - Dazzling Spray        Conj/Hex       ###...       4%          3    ##.....
e - Ensorcelled Hibernat  Hex/Ice        ###...       2%          2    None


Dungeon Overview and Level Annotations

Branches:
Dungeon (8/15)
 Temple: D:4-7         Lair: D:8-11

Altars:
Cheibriados
Ru


Innate Abilities, Weirdness & Mutations

Your experience applies equally to all skills.
You have very sharp teeth.
Your uncanny sense of smell can sniff out nearby items.
You are somewhat resistant to further mutation.


Message History

The killer bee is no longer blind.
The killer bee stings you but does no damage.
It was a potion of agility.
You feel agile all of a sudden.
The killer bee stings you but does no damage. x3
You hit the killer bee but do no damage.
You drain the killer bee!
The killer bee is moderately wounded.
The killer bee stings you but does no damage. x4
You hit the killer bee but do no damage.
You drain the killer bee!
The killer bee is moderately wounded.
Your transformation is almost over.
The killer bee stings you but does no damage. x2
You hit the killer bee.
The killer bee is moderately wounded.
The killer bee stings you but does no damage.
The killer bee barely misses you.
The killer bee stings you but does no damage. x2
You miss the killer bee.
The killer bee is moderately wounded.
The killer bee stings you.
* * * LOW HITPOINT WARNING * * *
The killer bee stings you but does no damage. x3
You closely miss the killer bee.
The killer bee is moderately wounded.
The killer bee stings you but does no damage.
The killer bee barely misses you.
An orc comes into view. It is wielding a short sword.
You hit the killer bee but do no damage.
The killer bee is moderately wounded.
The killer bee stings you but does no damage. x4
Unknown command.
You hit the killer bee but do no damage.
You drain the killer bee!
The killer bee is heavily wounded.
The killer bee stings you but does no damage.
Fire/throw which item? (* to show all) (? for menu, Esc to quit)
Really fire
E - 2 throwing nets {!f}?
Press: ? - help, Shift-Dir - straight line, f - killer bee, p - killer bee
Aim: a killer bee (moderately wounded, heavily drained)
You throw a throwing net {!f}.
The throwing net {!f} closely misses the killer bee.
The killer bee stings you but does no damage. x3
Evoke which item? (* to show all) (? for menu, Esc to quit)
That's the wrong kind of item! (Use * to select it.) Evoke which item? (* to show all) (? for menu, Esc to quit)
You don't have any such object.
Evoke which item? (* to show all) (? for menu, Esc to quit)
Okay, then.
Throwing (i - inventory):
E - a throwing net (quivered)
{!f}
Press: ? - help, Shift-Dir - straight line, f/p - killer bee
Aim: a killer bee (moderately wounded, heavily drained) Really fire
E - a throwing net {!f}?
You throw a throwing net {!f}.
The throwing net {!f} misses the killer bee.
The killer bee stings you but does no damage. x4
Casting: Dazzling Spray
Confirm with . or Enter, or press ? or * to list all spells.
Aiming: Dazzling Spray
Press: ? - help, Shift-Dir - straight line, f/p - killer bee
Aim: a killer bee (moderately wounded, heavily drained)
The spray of energy hits the killer bee.
The killer bee is heavily wounded.
The killer bee is dazzled.
The spray of energy misses the killer bee.
The spray of energy hits the killer bee.
The killer bee is severely wounded.
The killer bee is dazzled.
The killer bee stings you but does no damage.
The killer bee stings you.
* * * LOW HITPOINT WARNING * * *
You are poisoned.
The killer bee poisons you! The killer bee barely misses you.
The killer bee stings you.
* * * LOW HITPOINT WARNING * * *
Unknown command.
You strike the helpless killer bee from behind!
You impale the killer bee!!
You kill the killer bee!
Cheibriados thoroughly appreciates the change of pace.
You have reached level 8!
You feel clever.
You feel sick.
The killer bee stings you but does no damage. x2
You feel better.
You feel less wooden.
Your +0 pair of boots unmelds from your body.
Your +2 robe unmelds from your body.
The killer bee misses you. The killer bee stings you!
* * * LOW HITPOINT WARNING * * *
Okay, then.
It was a potion of invisibility.
You fade into invisibility!
The killer bee stings you.
* * * LOW HITPOINT WARNING * * *
You are poisoned.
The killer bee poisons you! The orc closely misses you.
The killer bee stings you.
You die...

##... .. . ###....
..#. ...... ..# ∆
#...) ..# .... #.#
#.. #[#
#.?###†#############
#..@y.)..........#..
####o#)....#..##.#.#
#.#####y#..##....
#.# #.#..####.# #.#
#.#..# #.# #.#
#.#..# #.# ...
#.#..# #.# ...
#.#..# ##.# ∆
y....###.y.


You could see 2 killer bees and an orc.

Vanquished Creatures
  Eustachio (D:4)
  A water moccasin (D:7)
  A sky beast (D:4)
  An ogre (D:4)
  3 killer bees (D:8)
  A crimson imp (D:8)
  A jelly (D:8)
  A bullfrog skeleton (D:4)
  A hound (D:4)
  Jessica (D:3)
  2 worker ants (D:7)
  A worker ant zombie (D:7)
  3 gnolls (D:8)
  2 adders (D:7)
  A worm (D:4)
  A dart slug (D:2)
  2 leopard geckos
  3 orcs (D:4)
  A bat (D:1)
  A giant cockroach (D:3)
  A goblin (D:3)
  2 hobgoblins
  2 quokkas (D:7)
  2 kobolds (D:3)
  3 rats
39 creatures vanquished.

Notes
Turn   | Place    | Note
-------+----------+-------------------------------------------
     0 | D:1      | tidbits the Gnoll Enchanter began the quest for the Orb.
     0 | D:1      | Reached XP level 1. HP: 13/13 MP: 6/6
    40 | D:1      | HP: 1/13 [hobgoblin/club (1)]
   135 | D:2      | Reached XP level 2. HP: 7/19 MP: 7/7
   139 | D:2      | Learned a level 2 spell: Ensorcelled Hibernation
   179 | D:3      | Found a sacrificial altar of Ru.
   180 | D:3      | Noticed Jessica
   193 | D:3      | Killed Jessica
   193 | D:3      | Reached skill level 6 in Stealth
   193 | D:3      | Reached skill level 5 in Spellcasting
   193 | D:3      | Reached XP level 3. HP: 13/25 MP: 3/9
   315 | D:3      | Reached skill level 1 in Invocations
   359 | D:4      | Noticed Eustachio
   372 | D:4      | Killed Eustachio
   372 | D:4      | Reached skill level 1 in Fighting
   372 | D:4      | Reached skill level 3 in Short Blades
   372 | D:4      | Reached skill level 1 in Long Blades
   372 | D:4      | Reached skill level 1 in Axes
   372 | D:4      | Reached skill level 1 in Maces & Flails
   372 | D:4      | Reached skill level 1 in Polearms
   372 | D:4      | Reached skill level 1 in Staves
   372 | D:4      | Reached skill level 1 in Slings
   372 | D:4      | Reached skill level 1 in Bows
   372 | D:4      | Reached skill level 1 in Crossbows
   372 | D:4      | Reached skill level 1 in Throwing
   372 | D:4      | Reached skill level 1 in Armour
   372 | D:4      | Reached skill level 1 in Shields
   372 | D:4      | Reached skill level 1 in Unarmed Combat
   372 | D:4      | Reached skill level 1 in Conjurations
   372 | D:4      | Reached skill level 1 in Charms
   372 | D:4      | Reached skill level 1 in Summonings
   372 | D:4      | Reached skill level 1 in Necromancy
   372 | D:4      | Reached skill level 1 in Translocations
   372 | D:4      | Reached skill level 1 in Transmutations
   372 | D:4      | Reached skill level 1 in Fire Magic
   372 | D:4      | Reached skill level 1 in Ice Magic
   372 | D:4      | Reached skill level 1 in Air Magic
   372 | D:4      | Reached skill level 1 in Earth Magic
   372 | D:4      | Reached skill level 1 in Poison Magic
   372 | D:4      | Reached skill level 1 in Evocations
   372 | D:4      | Reached XP level 4. HP: 19/32 MP: 6/11
   372 | D:4      | Reached XP level 5. HP: 23/37 MP: 6/12
   397 | D:4      | Noticed an ogre
   402 | D:4      | Found a snail-covered altar of Cheibriados.
   406 | D:4      | Killed an ogre
   406 | D:4      | Reached skill level 2 in Invocations
   406 | D:4      | Reached XP level 6. HP: 32/44 MP: 8/14
   413 | D:4      | Became a worshipper of Cheibriados the Contemplative
   419 | D:4      | Learned a level 3 spell: Confuse
   423 | D:4      | Learned a level 3 spell: Dazzling Spray
   427 | D:4      | Learned a level 3 spell: Tukima's Dance
   467 | D:4      | Noticed a sky beast
   474 | D:4      | Reached skill level 5 in Dodging
   484 | D:4      | Reached skill level 2 in Fighting
   484 | D:4      | Reached skill level 2 in Long Blades
   484 | D:4      | Reached skill level 2 in Axes
   484 | D:4      | Reached skill level 2 in Maces & Flails
   484 | D:4      | Reached skill level 2 in Polearms
   484 | D:4      | Reached skill level 2 in Staves
   484 | D:4      | Reached skill level 2 in Slings
   484 | D:4      | Reached skill level 2 in Bows
   484 | D:4      | Reached skill level 2 in Crossbows
   484 | D:4      | Reached skill level 2 in Throwing
   484 | D:4      | Reached skill level 2 in Armour
   484 | D:4      | Reached skill level 2 in Shields
   484 | D:4      | Reached skill level 2 in Unarmed Combat
   484 | D:4      | Reached skill level 2 in Evocations
   489 | D:4      | Killed a sky beast
   489 | D:4      | Reached XP level 7. HP: 48/50 MP: 1/15
   560 | D:5      | Entered Level 5 of the Dungeon
   584 | D:7      | Reached skill level 2 in Conjurations
   584 | D:7      | Reached skill level 2 in Charms
   584 | D:7      | Reached skill level 2 in Summonings
   584 | D:7      | Reached skill level 2 in Necromancy
   584 | D:7      | Reached skill level 2 in Translocations
   584 | D:7      | Reached skill level 2 in Transmutations
   584 | D:7      | Reached skill level 2 in Fire Magic
   584 | D:7      | Reached skill level 2 in Ice Magic
   584 | D:7      | Reached skill level 2 in Air Magic
   584 | D:7      | Reached skill level 2 in Earth Magic
   584 | D:7      | Reached skill level 2 in Poison Magic
   745 | D:8      | Reached * piety under Cheibriados
   841 | D:8      | Reached skill level 3 in Invocations
   844 | D:8      | Gained mutation: You are somewhat resistant to further mutation. [potion of mutation]
   844 | D:8      | HP: 7/76 [killer bee (1)]
   858 | D:8      | Reached XP level 8. HP: 12/57 MP: 0/16
   860 | D:8      | HP: 3/57 [killer bee (3)]
   860 | D:8      | Slain by a killer bee

Skill      XL: |  1  2  3  4  5  6  7 |
---------------+----------------------+-----
Stealth        | 6 |  6.6
Spellcasting   | 5 |  5.8
Invocations    | 1 2 3 |  3.1
Fighting       | 1 2 |  2.8
Short Blades   | 3 |  3.8
Long Blades    | 1 2 |  2.8
Axes           | 1 2 |  2.8
Maces & Flails | 1 2 |  2.8
Polearms       | 1 2 |  2.8
Staves         | 1 2 |  2.8
Slings         | 1 2 |  2.8
Bows           | 1 2 |  2.8
Crossbows      | 1 2 |  2.8
Throwing       | 1 2 |  2.8
Armour         | 1 2 |  2.8
Shields        | 1 2 |  2.8
Unarmed Combat | 1 2 |  2.8
Conjurations   | 1 2 |  2.2
Charms         | 1 2 |  2.2
Summonings     | 1 2 |  2.2
Necromancy     | 1 2 |  2.2
Translocations | 1 2 |  2.2
Transmutations | 1 2 |  2.2
Fire Magic     | 1 2 |  2.2
Ice Magic      | 1 2 |  2.2
Air Magic      | 1 2 |  2.2
Earth Magic    | 1 2 |  2.2
Poison Magic   | 1 2 |  2.2
Evocations     | 1 2 |  2.8
Dodging        | 5 |  5.4
Hexes          | |  5.9

Action                   |  1- 3 |  4- 6 |  7- 9 || total
-------------------------+-------+-------+-------++-------
Melee: Dagger            |    32 |     5 |    22 ||    59
       Bite              |     2 |       |       ||     2
       Unarmed           |       |     8 |    17 ||    25
       Rapier            |       |     1 |       ||     1
Throw: Throwing net      |       |       |     2 ||     2
 Cast: Corona            |     6 |       |       ||     6
       Ensorcelled Hiber |     4 |     8 |     6 ||    18
       Confuse           |       |     1 |       ||     1
       Dazzling Spray    |       |       |     5 ||     5
Evoke: Wand              |       |       |     4 ||     4
  Use: Potion            |       |     1 |     7 ||     8
 Stab: Sleeping          |     7 |     3 |     6 ||    16
       Invisible         |       |       |     5 ||     5
Armor: Robe              |     8 |     2 |     2 ||    12
       Skin              |       |     8 |    76 ||    84
Dodge: Dodged            |    25 |     6 |    29 ||    60

Table legend:
 A = Turns spent in this place as a percentage of turns spent in the entire game.
 B = Non-inter-level travel turns spent in this place as a percentage of non-inter-level travel turns spent in the entire game.
 C = Inter-level travel turns spent in this place as a percentage of turns spent in this place.
 D = Turns resting spent in this place as a percentage of non-inter-level travel turns spent in this place.
 E = Turns spent auto-exploring this place as a percentage of non-inter-level travel turns spent in this place.
 F = Non-inter-level travel turns spent in this place divided by the number of levels of this place that you've seen.
                   A       B       C       D       E      F
               +-------+-------+-------+-------+-------+----------------------
         Total | 100.0 | 100.0 |   0.0 |   0.0 |   0.0 | 107.5
       Dungeon | 100.0 | 100.0 |   0.0 |   0.0 |   0.0 | 107.5
               +-------+-------+-------+-------+-------+----------------------

Table legend:
 A = Kills in this place as a percentage of kills in entire the game.
 B = Kills by you in this place as a percentage of kills by you in the entire game.
 C = Kills by friends in this place as a percentage of kills by friends in the entire game.
 D = Other kills in this place as a percentage of other kills in the entire game.
 E = Experience gained in this place as a percentage of experience gained in the entire game.
 F = Experience gained in this place divided by the number of levels of this place that you have seen.
                   A       B       C       D       E      F
               +-------+-------+-------+-------+-------+----------------------
         Total | 100.0 | 100.0 |   N/A |   N/A | 100.0 | 151.9
       Dungeon | 100.0 | 100.0 |   N/A |   N/A | 100.0 | 151.9
               +-------+-------+-------+-------+-------+----------------------

Vault maps used:
D:1:      minmay_arrival_plants_in_alcoves, minmay_rat_gold_closets
D:2:      lemuel_round_altar, first_ration
D:3:      marbit_many_paths, lemuel_round_altar, uniq_jessica
D:4:      lemuel_crystal_altar, minmay_joined_circles, uniq_eustachio,
          uniq_robin
D:6:      hangedman_decor_peaks_small, corexii_item_surrounded_by_moat,
          tgw_kikubaaqudgha, uniq_menkaure, uniq_duvessa
D:7:      temple_fountains, minmay_misc_feat_cross
D:8:      lair_entry_dummy, minmay_misc_feat_tiny
